 Dungeon Crawl Stone Soup version 0.30-a0-964-gd452b5e7fa (webtiles) character file.

Game seed: 11011695005843655998

3507 jasper the Destroyer (level 9, -1/63 (75) HPs)
             Began as a Red Draconian Conjurer on Mar 30, 2023.
             Was a Believer of Sif Muna.
             Slain by a wight
             ... wielding a +6 long sword of freezing
              (3 damage)
             ... on level 8 of the Dungeon.
             The game lasted 00:17:10 (9398 turns).

jasper the Destroyer (Red Draconian Conjurer)       Turns: 9398, Time: 00:17:10

HP:   -1/63 (75)    AC: 11    Str: 10    XL:     9   Next: 81%
MP:   11/17         EV: 13    Int: 23    God:    Sif Muna [**....]
Gold: 154           SH:  5    Dex:  9    Spells: 6/19 levels left

rFire   + + .      SeeInvis .    v - +0 broad axe (flame)
rCold   . . .      Faith    .    (no shield)
rNeg    . . .      Spirit   .    (body armour unavailable)
rPois   .          Reflect  +    (helmet restricted)
rElec   .          Rampage  +    n - +1 cloak {Will+}
rCorr   .                        (no gloves)
Will    +....                    i - +1 pair of boots {rampage}
Stlth   ++                       z - amulet of reflection
HPRegen 0.30/turn                y - ring of flight
MPRegen 0.15/turn                B - ring of protection from fire

@: short of breath, flying, slowed, heavily drained, very slow
A: breathe fire, AC +7, unfitting armour, fire resistance 1, cold-blooded
a: Breathe Fire, Renounce Religion, Channel Magic


You were on level 8 of the Dungeon.
You worshipped Sif Muna.
Sif Muna was pleased with you.
You visited 2 branches of the dungeon, and saw 9 of its levels.
You also visited: Bailey.

You collected 439 gold pieces.
You spent 285 gold pieces at shops.

Inventory:

Hand Weapons
 a - a +0 flail
 c - a +1 whip
 j - a +0 antimagic sling
 v - a +0 broad axe of flaming (weapon)
Missiles
 e - 23 poisoned darts
 l - 6 boomerangs
 r - 3 throwing nets
Armour
 b - a +0 pair of boots
 i - a +1 pair of boots of rampaging (worn)
 n - a +1 cloak of willpower (worn)
Jewellery
 y - a ring of flight (left hand)
 z - an amulet of reflection (around neck)
 B - a ring of protection from fire (right hand)
 E - a ring of wizardry
 F - a ring of wizardry
Wands
 u - a wand of flame (13)
 w - a wand of charming (12)
 G - a wand of digging (7)
Scrolls
 d - a scroll of poison
 k - 3 scrolls of blinking
 p - 3 scrolls of teleportation
 x - a scroll of enchant weapon
 C - a scroll of noise
 D - 2 scrolls of fog
Potions
 f - 4 potions of might
 g - 7 potions of curing
 h - 3 potions of cancellation
 m - 3 potions of haste
 o - 6 potions of magic
 q - 3 potions of invisibility
 s - 2 potions of ambrosia {unknown}
 t - 2 potions of brilliance {unknown}
 A - 4 potions of mutation
 H - 2 potions of heal wounds


   Skills:
 + Level 6.0 Fighting
 + Level 5.3 Dodging
 - Level 1.7 Stealth
 + Level 5.5 Spellcasting
 + Level 8.5 Conjurations
 - Level 2.0 Hexes
 - Level 2.0 Necromancy
 - Level 2.0 Translocations
 * Level 5.8 Invocations


You had 6 spell levels left.
You knew the following spells:

 Your Spells              Type           Power      Damage    Failure   Level
a - Magic Dart            Conj           100%       1d8       1%          1
b - Searing Ray           Conj           90%        2d7       1%          2
c - Fulminant Prism       Conj/Hex       15%        3d10      11%         4
d - Iskenderun's Mystic   Conj/Tloc      30%        2d8       11%         4
e - Sublimation of Blood  Necr           15%        N/A       6%          2

Your spell library contained the following spells:

 Spells                   Type           Power      Damage    Failure   Level
 Dazzling Flash           Conj/Hex       60%        N/A       3%          3
 Hailstorm                Conj/Ice       25%        3d7       4%          3
 Stone Arrow              Conj/Erth      50%        3d10      4%          3
 Freeze                   Ice            24%        1d4       9%          1
 Frozen Ramparts          Ice            12%        1d2       26%         3
 Irradiate                Conj/Tmut      12%        3d15      41%         5
 Petrify                  Tmut/Erth      6%         N/A       65%         4
 Lehudib's Crystal Spear  Conj/Erth      12%        10d4      100%        8
 Animate Armour           Summ/Erth      Unusable   N/A       N/A         4

Dungeon Overview and Level Annotations

Branches:
Dungeon (8/15)             Temple (1/1) D:4          Bailey (visited)
   Lair: D:8-11

Altars:
Ashenzari
Dithmenos
Gozag
Hepliaklqana
Kikubaaqudgha
Makhleb
Nemelex Xobeh
Okawaru
Qazlal
Ru
Sif Muna
Trog
Uskayaw
Vehumet
Wu Jian
Xom
Zin
The Shining One

Shops:
D:3 [   D:8 [


Innate Abilities, Weirdness & Mutations

You can breathe blasts of fire.
Your fiery red scales are hard. (AC +7)
You cannot fit into any form of body armour.
Your flesh is heat resistant. (rF+)
You are cold-blooded and may be slowed by cold attacks.


Message History

The wight hits you but does no damage.
You take 10 damage, and have 18/67 hp.
You feel much better. The wight closely misses you.
The wight hits you with a +6 long sword of freezing!
You feel as though you will be slow longer.
The wight freezes you.
You regained 12 hp, and now have 30/67 hp.
Casting: Iskenderun's Mystic Blast (dangerous; 11% risk of failure)
Confirm with . or Enter, or press ? or * to list all spells.
You erupt in a blast of force!
The mystic blast hits the wight.
The wight is heavily damaged.
The wight is knocked back by the mystic blast.
The wight collides with the wight!
The wight is moderately damaged.
The mystic blast hits the wight but does no damage.
The wight is lightly damaged.
The wight hits you with a +6 long sword of freezing!
You feel drained. The wight freezes you.
* * * LOW HITPOINT WARNING * * *
You take 12 damage, and have 18/65 hp.
You now have 13/17 mp.
Casting: Iskenderun's Mystic Blast (dangerous; 11% risk of failure)
Confirm with . or Enter, or press ? or * to list all spells.
Aiming: Searing Ray (safe; 1% risk of failure)
Press: ? - help, Shift-Dir - straight line, f/p - wight
Aim: a wight, wielding a +6 long sword of freezing and wearing a +0 robe (lightly damaged, 82% to hit)
The searing ray hits the wight.
The wight is moderately damaged.
The searing ray hits the wight.
The wight is almost destroyed.
The searing ray hits the wight.
The wight is heavily damaged.
The searing ray hits the wight.
The wight is moderately damaged. (Press . to maintain the ray.)
The wight hits you with a +6 long sword of freezing!
* * * LOW HITPOINT WARNING * * *
You feel drained.
* * * LOW HITPOINT WARNING * * *
The wight freezes you.
You die...

**,,,,,** *,,,,,,,* ******
*,,,.,,,* ,,,,,************
*,,..,,,*
****,,,,,,,,,,,,********...,,**
************,,,,,,,,..z.,,,***
###### ******##.....,,,,,,
#....########z......,,,**,
#....#.).@zzzz#**,,,,,**,,
#....#.########***,,,***,*
#..))..# *...,,*****,,,*
#######....)## *..#*,**,,,,***
#....##...).####
*#.#*,,,,,,,,**
#....##...)....# #.#*,,,,***,,*
#....##....###.# #..,,**** **,,
#....##....# #.####.#*** *****
#....####### #..<...#
*###**,,,,


You could see 5 wights.

Vanquished Creatures
  Joseph (D:7)
  Sigmund (D:6)
  A steam dragon (D:6)
  Edmund (D:6)
  A water moccasin (D:6)
  2 sky beasts (D:6)
  An ogre (D:7)
  An orc warrior (Bailey)
  2 black bears
  3 centaurs
  A phantom (D:5)
  2 kobold brigands
  5 scorpions
  A gnoll sergeant (D:8)
  2 bullfrogs
  4 wights (D:8)
  2 howler monkeys
  6 hounds
  2 jellies (D:6)
  An orc priest (D:7)
  4 iguanas
  3 sleepcaps
  4 orc wizards
  6 adders
  16 gnolls
  An ufetubus (D:6)
  2 worms
  4 dart slugs
  24 orcs
  6 bats
  13 endoplasms
  2 giant cockroaches (D:1)
  6 goblins
  6 hobgoblins
  5 jackals (D:3)
  17 kobolds
  3 quokkas
  8 ball pythons
  5 frilled lizards
  15 rats
190 creatures vanquished.

Vanquished Creatures (others)
  A human (D:4)
  2 orc wizards (D:7)
  4 fulminant prisms
7 creatures vanquished.

Grand Total: 197 creatures vanquished

Notes
Turn   | Place    | Note
-------+----------+-------------------------------------------
     0 | D:1      | jasper the Draconian Conjurer began the quest for the Orb.
     0 | D:1      | Reached XP level 1. HP: 14/14 MP: 3/3
   297 | D:1      | Reached XP level 2. HP: 22/22 MP: 1/5
   676 | D:1      | Found a faded altar of an unknown god.
   703 | D:1      | Reached skill level 1 in Fighting
  1082 | D:1      | Learned a level 2 spell: Searing Ray
  1148 | D:2      | Reached XP level 3. HP: 23/28 MP: 1/6
  1419 | D:2      | Reached XP level 4. HP: 35/35 MP: 2/7
  1423 | D:2      | Learned a level 3 spell: Dazzling Flash
  2647 | D:3      | Found Tuahaylo's Armour Emporium.
  2717 | D:3      | Bought a +0 pair of boots for 54 gold pieces
  2971 | D:3      | Reached skill level 5 in Conjurations
  3067 | D:3      | Reached XP level 5. HP: 41/41 MP: 5/9
  3846 | D:4      | Reached skill level 1 in Hexes
  4008 | D:4      | Found an ornate altar of the Wu Jian Council.
  4021 | D:4      | Reached XP level 6. HP: 49/50 MP: 4/10
  4026 | D:4      | Learned a level 4 spell: Iskenderun's Mystic Blast
  4173 | D:4      | Found a staircase to the Ecumenical Temple.
  4190 | Temple   | Entered the Ecumenical Temple
  4190 | Temple   | Found a transporter.
  4190 | Temple   | Found a transporter.
  4192 | Temple   | Found a transporter.
  4192 | Temple   | Found a transporter.
  4232 | Temple   | Became a worshipper of Sif Muna the Loreminder
  4480 | D:4      | Found an ancient bone altar of Kikubaaqudgha.
  4483 | D:4      | Noticed a human
  4485 | D:4      | Killed a human
  4504 | D:4      | Found an opulent altar of Gozag.
  4505 | D:4      | Found an opulent altar of Gozag.
  4536 | D:4      | Found an opulent altar of Gozag.
  4541 | D:4      | Found an opulent altar of Gozag.
  4798 | D:5      | Entered Level 5 of the Dungeon
  4887 | D:5      | Reached skill level 1 in Translocations
  4969 | D:5      | Found a hide-covered altar of Uskayaw.
  4976 | D:5      | Found a glowing silver altar of Zin.
  4977 | D:5      | Found a radiant altar of Vehumet.
  4977 | D:5      | Found a sparkling altar of Nemelex Xobeh.
  4977 | D:5      | Found a shadowy altar of Dithmenos.
  4979 | D:5      | Found a shimmering altar of Xom.
  4981 | D:5      | Found an iron altar of Okawaru.
  5126 | D:5      | Found a stormy altar of Qazlal.
  5339 | D:5      | Your scales start taking on a fiery red colour.
  5339 | D:5      | Reached XP level 7. HP: 57/57 MP: 11/11
  5339 | D:5      | Gained mutation: Your flesh is heat resistant. (rF+) [Red
                  | Draconian growth]
  5356 | D:5      | Reached skill level 6 in Conjurations
  5909 | D:5      | Learned a level 4 spell: Fulminant Prism
  5957 | D:6      | Learned a level 2 spell: Sublimation of Blood
  6007 | D:6      | Noticed Sigmund
  6015 | D:6      | Killed Sigmund
  6059 | D:6      | Reached skill level 1 in Invocations
  6060 | D:6      | Reached skill level 1 in Necromancy
  6060 | D:6      | Reached XP level 8. HP: 63/66 MP: 4/13
  6192 | D:6      | Reached skill level 7 in Conjurations
  6889 | D:6      | Noticed Edmund
  6902 | D:6      | Killed Edmund
  6903 | D:6      | Reached skill level 5 in Fighting
  6903 | D:6      | Reached XP level 9. HP: 60/74 MP: 1/15
  7362 | D:6      | Reached skill level 8 in Conjurations
  7446 | D:7      | Reached * piety under Sif Muna
  7562 | D:7      | Noticed Joseph
  7592 | D:7      | Killed Joseph
  7593 | D:7      | Reached skill level 5 in Spellcasting
  7607 | D:7      | Reached skill level 5 in Dodging
  7975 | D:7      | Reached skill level 5 in Invocations
  8564 | D:8      | Found Deomilatir's Armour Shoppe.
  8571 | D:8      | Bought a +1 pair of boots of rampaging for 231 gold pieces
  8596 | D:8      | Found a flagged portal.
  8604 | Bailey   | Entered a bailey
  9251 | D:8      | Reached ** piety under Sif Muna
  9398 | D:8      | HP: 2/63 [wight/+6 long sword of freezing (2)]
  9398 | D:8      | Slain by a wight

Illustrated notes

Levels and vault maps discovered:
D:1:      wander_arrival_chamber, layout_basic,
          nicolae_ecumenical_snake_handling, minmay_ruptured
D:2:      minmay_angry_zag, layout_loops_ring, minmay_misc_feat_tower,
          dreamdust_princess_corridor, minmay_fountain_box, glass_columns_a,
          nrook_mini_backslash
D:3:      layout_loops_cross, serial_shops, nicolae_diamond_shop,
          kennysheep_nondescript, minmay_between
D:4:      layout_basic, tgw_kikubaaqudgha,
          nicolae_gozag_conspicuous_consumption, lemuel_doored_altar,
          minmay_temple_entry_glass
D:5:      layout_loops_cross, kennysheep_little_box, minitemple
D:6:      layout_basic, minmay_joined_circles, uniq_sigmund, uniq_edmund
D:7:      layout_basic, uniq_joseph
D:8:      layout_rooms, serial_shops, shop, enter_bailey_1, hangedman_decor_push
Temple:   hellmonk_temple_divided_pantheon

Skill      XL: |  1  2  3  4  5  6  7  8  9 |
---------------+----------------------------+-----
Dodging        | 2 3 4 5 |  5.3
Fighting       | 1 2 3 5 6 |  6.0
Conjurations   | 5 6 7 8 |  8.5
Hexes          | 1 2 |  2.0
Spellcasting   | 3 4 5 |  5.5
Translocations | 1 2 |  2.0
Invocations    | 1 3 5 |  5.8
Necromancy     | 1 2 |  2.0
Stealth        | |  1.7

Action                     |  1- 3 |  4- 6 |  7- 9 || total
---------------------------+-------+-------+-------++-------
  Melee: Whip              |     2 |       |       ||     2
         Flail             |       |    22 |       ||    22
         Tailslap          |       |     3 |    26 ||    29
         Broad axe         |       |    13 |   194 ||   207
         Punch             |       |     2 |     3 ||     5
   Cast: Magic Dart        |    51 |    90 |    16 ||   157
         Searing Ray       |     6 |    22 |     9 ||    37
         Fulminant Prism   |       |       |     4 ||     4
         Iskenderun's Myst |       |       |    12 ||    12
         Sublimation of Bl |       |       |     2 ||     2
Ability: Breathe Fire      |       |       |    27 ||    27
  Evoke: Wand              |       |       |     8 ||     8
    Use: Scroll            |     6 |     6 |     7 ||    19
         Potion            |     1 |       |     7 ||     8
   Stab: Sleeping          |       |       |     7 ||     7
         Invisible         |       |       |     1 ||     1
 Armour: Skin              |     2 |    27 |   120 ||   149
  Dodge: Dodged            |     9 |    67 |   190 ||   266
  Block: Other             |       |       |    69 ||    69
         Reflection        |       |       |     4 ||     4

Table legend: (Time is in decaauts)
 A = Elapsed time spent in this place.
 B = Non-inter-level travel time spent in this place.
 C = Inter-level travel time spent in this place.
 D = Time resting spent in this place.
 E = Time spent auto-exploring this place.
 F = Levels seen in this place.
 G = Mean time per level.
                   A        B        C        D        E       F      G
               +--------+--------+--------+--------+--------+-----+--------+
         Total |   9536 |   9148 |    388 |    808 |   6890 |  10 |  953.6 |
       Dungeon |   9017 |   8646 |    371 |    677 |   6716 |   8 | 1127.1 |
        Temple |     60 |     43 |     17 |      0 |      1 |   1 |   60.0 |
        Bailey |    457 |    457 |      0 |    131 |    173 |   1 |  457.0 |
               +--------+--------+--------+--------+--------+-----+--------+

Top non-repeatable levels by time:
     D:6: 1462 daAuts
     D:2: 1424 daAuts
     D:7: 1215 daAuts
     D:1: 1199 daAuts
     D:5: 1168 daAuts
     D:3: 1136 daAuts
     D:4: 989 daAuts
  Bailey: 457 daAuts
     D:8: 422 daAuts
  Temple: 60 daAuts
